AoeStats
← 散步黑鵝

Nomad

507729382Analyzed
4v4 RM · 14d ago on Sep 19, 2026· 25m 20s· 8 players
Game mode
Random Map
Map size
231×231
Population
200
Speed
Normal
Resources
Standard
Victory
Conquest
Starting age
Dark Age
Ending age
Imperial Age
RankedLock teamsTeams togetherTeam positionsShared explorationLock speedFull tech treeHidden civsTurbo modeCheats
Victory
Defeat
🇹🇼 Muisca · Taiwan
2069
+6
🇭🇰 Franks · Hong Kong SAR China
2059
+7
🇹🇼 Inca · Taiwan
2048
+7
🇹🇼 Poles · Taiwan
1956
+10
🇺🇸 Huns · United States
1899
-11
🇨🇳 Celts · China
1800
-7
1792
-6
🇻🇳 Jurchens · Vietnam
1786
-6
Eli
12:50 Feudal Age
13:49 Loom
18:01 Castle Age
16:11 Double-Bit Axe
18:08 Light Cavalry
22:06 Horse Collar
23:49 Bow Saw
24:19 Town Watch
25:11 Wheelbarrow
25:16 Husbandry
清远华
4:51 Loom
12:57 Feudal Age
16:43 Castle Age
15:57 Double-Bit Axe
16:48 Fletching
18:21 Medium Warships
19:59 Bow Saw
21:16 Horse Collar
22:25 Wheelbarrow
KDA HDT
11:07 Loom
13:16 Feudal Age
17:06 Castle Age
15:49 Double-Bit Axe
23:03 Scale Barding Armor
24:48 Chain Barding Armor
端木木木木木
4:49 Loom
14:04 Feudal Age
19:00 Castle Age
22:53 Wheelbarrow
ANKR.Navvy
6:49 Loom
14:36 Feudal Age
18:06 Castle Age
16:10 Gold Mining
16:38 Double-Bit Axe
17:12 Town Watch
17:33 Fletching
17:50 Fishing Lines
18:53 Bodkin Arrow
20:05 Bow Saw
20:47 Crossbowman
23:36 Stone Mining
Rayz
11:52 Feudal Age
12:24 Double-Bit Axe
13:58 Horse Collar
20:41 Castle Age
19:13 Gold Mining
21:17 Loom
21:46 Medium Warships
21:49 Bow Saw
23:05 Bow Saw
24:31 Wheelbarrow
散步黑鵝
5:20 Loom
14:08 Feudal Age
14:52 Town Watch
18:15 Castle Age
16:41 Double-Bit Axe
16:46 Gold Mining
20:07 Scale Mail Armor
Nezzar
5:29 Loom
12:44 Feudal Age
13:42 Town Watch
Connection lost

Rejoining the realm…

Still unreachable

The connection could not be restored.

Session expired

The server has moved on; the page needs a fresh start.